 Dungeon Crawl Stone Soup version 0.30-a0-42-g806c11bf1d (webtiles) character file.

Game seed: 11410200230563518585

518 kae the Firebug (level 6, -3/48 HPs)
             Began as a Demigod Fire Elementalist on Aug 30, 2022.
             Slain by an orc
             ... wielding a +2 whip of distortion
              (16 damage)
             ... on level 4 of the Dungeon.
             The game lasted 00:05:07 (5465 turns).

kae the Firebug (Demigod Fire Elementalist)         Turns: 5465, Time: 00:05:08

Health: -3/48      AC:  2    Str:  9    XL:     6   Next: 68%
Magic:  0/13       EV: 12    Int: 25    God:
Gold:   173        SH:  4    Dex: 14    Spells: 4/10 levels left

rFire   . . .      SeeInvis .    (no weapon)
rCold   + . .      Faith    .    b - +0 buckler
rNeg    + . .      Spirit   .    a - +0 robe
rPois   .          Reflect  .    (no helmet)
rElec   .          Harm     .    k - scarf {repulsion}
rCorr   .          Rampage  .    (no gloves)
Will    .....                    (no boots)
Stlth   ++........               (no amulet)
HPRegen 0.16/turn                N - ring of positive energy
MPRegen 0.13/turn                C - ring of protection from cold

@: repel missiles
A: high MP 1, forlorn, divine attributes
a: no special abilities


You were on level 4 of the Dungeon.
You visited 1 branch of the dungeon, and saw 4 of its levels.

You collected 173 gold pieces.


Innate Abilities, Weirdness & Mutations

You have an increased reservoir of magic. (+10% MP)
You shall have no god before yourself.
Your divine heritage dramatically boosts your attributes as you level up.


   Skills:
 + Level 2.1 Fighting
 + Level 2.8 Dodging
 - Level 1.7 Stealth
 + Level 1.6 Shields
 + Level 2.8 Spellcasting
 * Level 3.5 Conjurations
 * Level 4.3 Fire Magic


You had 4 spell levels left.
You knew the following spells:

 Your Spells              Type           Power      Damage    Failure   Level
a - Foxfire               Conj/Fire      92%        2x1d8     2%          1
b - Scorch                Fire           50%        2d7       3%          2
c - Conjure Flame         Conj/Fire      23%        6-21      9%          3

Your spell library contained the following spells:

 Spells                   Type           Power      Damage    Failure   Level
 Apportation              Tloc           6%         N/A       14%         1
 Inner Flame              Hex/Fire       14%        N/A       17%         3
 Sublimation of Blood     Necr           3%         N/A       21%         2
 Flame Wave               Conj/Fire      23%        2d8       26%         4
 Petrify                  Tmut/Erth      3%         N/A       80%         4
 Irradiate                Conj/Tmut      6%         3d13      88%         5

Inventory:

Missiles
 c - 5 javelins
 e - 10 stones
 i - 2 poisoned darts
Armour
 a - a +0 robe (worn)
 b - a +0 buckler (worn)
   (You found it on level 1 of the Dungeon)
 d - a +0 cloak
   (You found it on level 1 of the Dungeon)
 k - a scarf of repulsion (worn)
   (You found it on level 2 of the Dungeon)
Jewellery
 C - a ring of protection from cold (right hand)
   (You found it on level 2 of the Dungeon)
 N - a ring of positive energy (left hand)
   (You found it on level 2 of the Dungeon)
Scrolls
 g - 3 scrolls of vulnerability {!r!r}
 j - a scroll of enchant armour {unknown}
 m - a scroll of teleportation {@r4}
 p - a scroll of enchant weapon
 q - a scroll of immolation {!r!r}
 s - a scroll of brand weapon {unknown}
Potions
 f - 2 potions of heal wounds {@q2}
 h - 2 potions of might
 l - a potion of resistance
 n - a potion of ambrosia {unknown}
 o - 2 potions of flight
 r - a potion of curing {unknown}

Dungeon Overview and Level Annotations

Branches:
Dungeon (4/15) Zot: 18534
 Temple: D:4-7

Annotations:
D:2 exclusion: black bear

#.# ..# ## #.# .. #.# ##.##
#######.#######...#### #
......................
#######.######.....###
#.###...........
##################.....##.....###
))†............o@#########...##
################o#..........##
#.#.########## #.#.# #.#.# #.#.#
#.#.# #.#.# #...#


You could see 2 orcs.


Message History

Confirm with . or Enter, or press ? or * to list all spells.
Flames lash the iguana.
The iguana's fire resistance burns away.
You hear a shout! x3
You block the iguana's attack. The iguana misses you. 😎 MP[-2]
You lost 2 mp, and now have 8/13 mp.
There are monsters nearby!
Casting: Scorch (safe; 3% risk of failure)
Confirm with . or Enter, or press ? or * to list all spells.
Flames lash the orc.
The orc's fire resistance burns away.
The iguana bites you!
An orc comes into view. It is wielding a +0 hand axe.
The iguana closely misses you. 😮 HP[-14] MP[-1]
You take 14 damage, and now have 34/48 hp.
MASSIVE DAMAGE!! (PAUSE)
You lost 1 mp, and now have 7/13 mp.
An orc comes into view. It is wielding a +0 hand axe.
The iguana is no longer more vulnerable to fire.
Casting: Scorch (safe; 3% risk of failure)
Confirm with . or Enter, or press ? or * to list all spells.
Flames lash the iguana.
You kill the iguana!
The orc shouts!
The orc is no longer more vulnerable to fire.
An orc comes into view. It is wielding a +2 whip of distortion.
The orc barely misses you.
An orc comes into view.
It is wielding a +0 short sword. 😮 HP[+1] MP[-2]
You lost 2 mp, and now have 5/13 mp.
Casting: Scorch (safe; 3% risk of failure)
Confirm with . or Enter, or press ? or * to list all spells.
Flames lash the orc.
You kill the orc! 😮 MP[-2]
You lost 2 mp, and now have 3/13 mp.
Casting: Scorch (safe; 3% risk of failure)
Confirm with . or Enter, or press ? or * to list all spells.
Flames lash the orc.
You kill the orc!
The orc barely misses you. The orc misses you. 😮 MP[-1]
You lost 1 mp, and now have 2/13 mp.
Casting: Scorch (safe; 3% risk of failure)
Confirm with . or Enter, or press ? or * to list all spells.
Flames lash the orc but do no damage.
The orc misses you.
The orc closely misses you. 😮 HP[+1] MP[-2]
You lost 2 mp, and now have 0/13 mp.
Casting: Scorch (safe; 3% risk of failure)
Confirm with . or Enter, or press ? or * to list all spells.
You don't have enough magic to cast this spell.
The orc attacks as you move away!
The orc hits you with a +0 hand axe. 😮 HP[-2] MP[+1]
You take 2 damage, and now have 34/48 hp.
The orc attacks as you move away!
The orc hits you with a +0 hand axe. 😮 HP[-6]
You take 6 damage, and now have 28/48 hp.
The orc attacks as you move away! You block the orc's attack. 😮 HP[+1]
You hit the orc but do no damage. The orc closely misses you. 😮 MP[+1]
You hit the orc but do no damage.
The orc hits you with a +0 hand axe. 😮 HP[-3]
You take 3 damage, and now have 26/48 hp.
You hit the orc. The orc hits you with a +0 hand axe.
* * * LOW HITPOINT WARNING * * *
😨 HP[-5]
You take 5 damage, and now have 21/48 hp.
You hit the orc but do no damage. The orc misses you.
You hit the orc but do no damage. The orc hits you with a +0 hand axe.
* * * LOW HITPOINT WARNING * * *
😨 HP[-3]
You take 3 damage, and now have 18/48 hp. 😨 HP[+1]
Casting: Scorch (safe; 3% risk of failure)
Confirm with . or Enter, or press ? or * to list all spells.
You conjure some foxfire!
The orc hits you with a +0 hand axe.
* * * LOW HITPOINT WARNING * * *
The orc hits your foxfire with a +0 hand axe.
The foxfire hits the orc!
You kill the orc! 😨 HP[-3]
You take 3 damage, and now have 16/48 hp.
Casting: Foxfire (safe; 2% risk of failure)
Confirm with . or Enter, or press ? or * to list all spells.
You conjure some foxfire!
The orc barely misses you.
The foxfire hits the orc. 😨 MP[-1]
You lost 1 mp, and now have 1/13 mp.
Casting: Foxfire (safe; 2% risk of failure)
Confirm with . or Enter, or press ? or * to list all spells.
You conjure some foxfire!
The foxfire hits the orc.
The orc hits you with a +2 whip of distortion.
* * * LOW HITPOINT WARNING * * *
Space warps horribly around you!
You die...

Skill      XL: |  1  2  3  4  5  6 |
---------------+-------------------+-----
Conjurations   | 1 2 3 |  3.5
Spellcasting   | 2 |  2.8
Dodging        | 2 |  2.8
Fire Magic     | 3 4 |  4.3
Fighting       | 1 2 |  2.1
Shields        | 1 |  1.6
Stealth        | |  1.7

Action                   |  1- 3 |  4- 6 || total
-------------------------+-------+-------++-------
Melee: Unarmed           |     6 |    16 ||    22
 Cast: Foxfire           |    86 |    85 ||   171
       Scorch            |     3 |    35 ||    38
  Use: Potion            |     1 |     4 ||     5
       Scroll            |     3 |     5 ||     8
Armor: Robe              |    14 |     3 ||    17
Dodge: Dodged            |    31 |    44 ||    75
       Repelled          |       |     2 ||     2
Block: Buckler           |     6 |     6 ||    12

Levels and vault maps discovered:
D:1:      dpeg_arrival_round_a, layout_basic
D:2:      layout_loops_corners, shapermc_ecumenical_altar_rom_forum
D:3:      layout_loops_ring
D:4:      layout_loops_ring, lemuel_round_altar, jmf_multi_god_temple,
          roderic_roman_lattice

Notes
Turn   | Place    | Note
-------+----------+-------------------------------------------
     0 | D:1      | kae the Demigod Fire Elementalist began the quest for the
                  | Orb.
     0 | D:1      | Reached XP level 1. HP: 14/14 MP: 5/5
     0 | D:1      | magus.rc [v1.11.3]
    40 | D:1      | You pick up a book of Alchemy and begin reading...
    40 | D:1      | You add the spells Sublimation of Blood, Petrify and
                  | Irradiate to your library.
    86 | D:1      | Reached skill level 1 in Conjurations
    97 | D:1      | HP: 3/14 [rat (1)]
   548 | D:1      | Reached XP level 2. HP: 22/22 MP: 2/7
   847 | D:1      | Reached skill level 2 in Spellcasting
  1012 | D:1      | Reached skill level 2 in Dodging
  1012 | D:1      | Reached skill level 3 in Fire Magic
  1670 | D:1      | Learned a level 2 spell: Scorch
  1696 | D:2      | Reached XP level 3. HP: 27/27 MP: 4/8
  1785 | D:2      | Reached skill level 1 in Fighting
  1874 | D:2      | Learned a level 3 spell: Conjure Flame
  2113 | D:2      | Reached skill level 2 in Conjurations
  2305 | D:2      | Noticed a black bear
  2390 | D:2      | Reached XP level 4. HP: 35/35 MP: 5/10
  2594 | D:2      | Got Plato's Tractate on the Jaunt
  3429 | D:3      | HP: 3/35 [something/magic dart (7)]
  3476 | D:3      | HP: 8/35 [something (2)]
  3478 | D:3      | HP: 3/35 [orc/+0 flail (5)]
  3541 | D:3      | Reached XP level 5. HP: 12/40 MP: 7/11
  4538 | D:4      | Noticed a sky beast
  4545 | D:4      | Killed a sky beast
  4546 | D:4      | Reached skill level 1 in Shields
  4546 | D:4      | Reached skill level 3 in Conjurations
  4664 | D:4      | Identified the +7 dagger of Massacring {vamp, rPois rC+
                  | Int+2 Dex+3}
  4741 | D:4      | Reached XP level 6. HP: 32/48 MP: 2/12
  4889 | D:4      | Noticed a water moccasin
  4899 | D:4      | Killed a water moccasin
  4900 | D:4      | Reached skill level 2 in Fighting
  4900 | D:4      | Reached skill level 4 in Fire Magic
  5465 | D:4      | Slain by an orc

Vanquished Creatures
  A water moccasin (D:4)
  A sky beast (D:4)
  A hound (D:4)
  3 iguanas
  An orc wizard (D:3)
  4 gnolls (D:2)
  7 adders
  A dart slug (D:4)
  7 orcs
  6 ball pythons
  4 bats
  5 endoplasms
  4 giant cockroaches
  10 hobgoblins
  4 jackals (D:2)
  4 quokkas
  4 frilled lizards
  8 goblins
  7 kobolds
  5 rats
87 creatures vanquished.

Vanquished Creatures (collateral kills)
  A foxfire (D:2)
1 creature vanquished.

Vanquished Creatures (others)
  279 foxfires
  A fungus (D:2)
280 creatures vanquished.

Grand Total: 368 creatures vanquished

Table legend:
 A = Non-vault XP
 B = Vault XP
 C = Vault XP percentage of total XP
 D = Non-vault monster count
 E = Vault monster count
 F = Vault count percentage of total count
                 A         B        C        D         E       F
            +---------+---------+-------+---------+---------+-------
      Total |     726 |      15 |   2.0 |      85 |       2 |   2.3
            +---------+---------+-------+---------+---------+-------
        D:1 |      44 |       0 |   0.0 |      26 |       0 |   0.0
        D:2 |     125 |       0 |   0.0 |      24 |       0 |   0.0
        D:3 |     118 |       0 |   0.0 |      21 |       0 |   0.0
        D:4 |     439 |      15 |   3.3 |      14 |       2 |  12.5
            +---------+---------+-------+---------+---------+-------

Illustrated notes

Table legend:
 A = Kills in this place as a percentage of kills in entire the game.
 B = Kills by you in this place as a percentage of kills by you in the entire game.
 C = Kills by friends in this place as a percentage of kills by friends in the entire game.
 D = Other kills in this place as a percentage of other kills in the entire game.
 E = Experience gained in this place as a percentage of experience gained in the entire game.
 F = Experience gained in this place divided by the number of levels of this place that you have seen.
                   A       B       C       D       E      F
               +-------+-------+-------+-------+-------+----------------------
         Total | 100.0 | 100.0 |   N/A |   N/A | 100.0 | 185.2
       Dungeon | 100.0 | 100.0 |   N/A |   N/A | 100.0 | 185.2
               +-------+-------+-------+-------+-------+----------------------

Table legend: (Time is in decaauts)
 A = Elapsed time spent in this place.
 B = Non-inter-level travel time spent in this place.
 C = Inter-level travel time spent in this place.
 D = Time resting spent in this place.
 E = Time spent auto-exploring this place.
 F = Levels seen in this place.
 G = Mean time per level.
                   A        B        C        D        E       F      G
               +--------+--------+--------+--------+--------+-----+--------+
         Total |   5464 |   5356 |    108 |    137 |   4437 |   4 | 1366.0 |
       Dungeon |   5464 |   5356 |    108 |    137 |   4437 |   4 | 1366.0 |
               +--------+--------+--------+--------+--------+-----+--------+

Top non-repeatable levels by time:
     D:1: 1689 daAuts
     D:2: 1537 daAuts
     D:3: 1395 daAuts
     D:4: 842 daAuts
